[ AOE2 MATCH · #471384875 ]
UnrankedKoreans vs Cumans
Player's team · WIN
[ REPLAY ANALYSIS · EXTRACTED FROM THE RECORDED GAME ]
Feudal
10:50
Castle
14:20
Imperial
35:36
| APM avg | 39.7 |
| APM peak | 74 |
| eAPM avg | 21.2 |
| Villagers / military | 183 / 225 |
Focus
⚔️ 36.6% · 🌾 63.4%
War Wagon ×139 · Knight ×61 · Scout Cavalry ×15 · Trebuchet (Packed) ×9 · Monk ×1
Feudal
10:33
Castle
16:09
Imperial
35:57
| APM avg | 19.0 |
| APM peak | 84 |
| eAPM avg | 8.8 |
| Villagers / military | 67 / 117 |
Focus
⚔️ 28.2% · 🌾 71.8%
Archer ×79 · Skirmisher ×35 · Trebuchet (Packed) ×3
Feudal
10:55
Castle
14:52
Imperial
36:39
| APM avg | 27.5 |
| APM peak | 75 |
| eAPM avg | 19.5 |
| Villagers / military | 165 / 363 |
Focus
⚔️ 37.7% · 🌾 62.3%
Skirmisher ×185 · Archer ×122 · Mangonel ×33 · Trebuchet (Packed) ×21 · Monk ×2
Feudal
13:15
Castle
27:20
Imperial
—
| APM avg | 22.7 |
| APM peak | 72 |
| eAPM avg | 9.6 |
| Villagers / military | 61 / 110 |
Focus
⚔️ 41.5% · 🌾 58.5%
Steppe Lancer ×65 · Skirmisher ×36 · Camel Scout ×6 · Fishing Ship ×6 · Demolition Raft ×3
Match map
Initial resources + every placement click. Lines = walls · curves = elevation contours. ◆ gold · ⬟ stone · ● berries · ✦ relic · ◌ wall gap
Your base· Open — unwalled flank
Extaz's base· Open — 3t gap
Extaz's base· Open — unwalled flank
Extaz's base· Open — unwalled flank
Smoothed initial terrain · ◌ = detected wall gap · hover for details
Inputs per minute
— MarshaL - - Extaz
Build order — MarshaL
First 150 of 498 actions detected
| 0:01 | Create | Villager (Male) |
| 0:01 | Create | Villager (Male) |
| 0:01 | Create | Villager (Male) |
| 0:02 | Create | Villager (Male) |
| 0:05 | Research | Loom |
| 0:07 | Build | House |
| 0:09 | Build | House |
| 0:45 | Create | Villager (Male) |
| 0:45 | Create | Villager (Male) |
| 0:45 | Create | Villager (Male) |
| 0:45 | Create | Villager (Male) |
| 0:46 | Create | Villager (Male) |
| 1:32 | Create | Villager (Male) |
| 2:29 | Create | Villager (Male) |
| 2:31 | Build | Lumber Camp |
| 2:33 | Create | Villager (Male) |
| 2:33 | Create | Villager (Male) |
| 3:05 | Create | Villager (Male) |
| 3:51 | Create | Villager (Male) |
| 3:56 | Build | Mill |
| 4:07 | Create | Villager (Male) |
| 4:14 | Build | House |
| 5:05 | Create | Villager (Male) |
| 6:06 | Create | Villager (Male) |
| 6:17 | Create | Villager (Male) |
| 6:18 | Create | Villager (Male) |
| 6:38 | Build | House |
| 7:05 | Build | Mill |
| 7:09 | Create | Villager (Male) |
| 7:10 | Create | Villager (Male) |
| 7:57 | Create | Villager (Male) |
| 8:16 | Research | Feudal Age |
| 8:20 | Build | Mining Camp |
| 8:48 | Build | Mining Camp |
| 10:19 | Build | House |
| 10:21 | Build | House |
| 10:43 | Create | Villager (Male) |
| 10:44 | Create | Villager (Male) |
| 10:50 | Age | Feudal Age |
| 10:55 | Build | Market |
| 10:57 | Build | Blacksmith |
| 11:38 | Research | Castle Age |
| 11:51 | Research | Double-Bit Axe |
| 12:55 | Research | Fletching |
| 13:36 | Build | Farm |
| 14:20 | Age | Castle Age |
| 14:35 | Create | Villager (Male) |
| 14:35 | Create | Villager (Male) |
| 14:44 | Build | Town Center |
| 15:20 | Create | Villager (Male) |
| 15:41 | Create | Villager (Male) |
| 15:44 | Research | Fletching |
| 15:47 | Research | Horse Collar |
| 16:12 | Create | Villager (Male) |
| 16:14 | Build | Farm |
| 16:19 | Build | Farm |
| 16:22 | Build | Farm |
| 16:42 | Create | Villager (Male) |
| 16:42 | Create | Villager (Male) |
| 17:07 | Build | Castle |
| 17:13 | Build | House |
| 17:22 | Build | House |
| 17:26 | Build | Palisade Wall |
| 17:27 | Build | Palisade Wall |
| 17:30 | Build | Palisade Wall |
| 17:37 | Create | Villager (Male) |
| 17:39 | Build | Farm |
| 17:41 | Build | Farm |
| 18:04 | Build | Palisade Wall |
| 18:06 | Build | Palisade Wall |
| 18:12 | Create | Villager (Male) |
| 18:13 | Create | Villager (Male) |
| 18:23 | Build | Castle |
| 18:37 | Build | Farm |
| 18:43 | Create | Villager (Male) |
| 18:53 | Build | Town Center |
| 19:15 | Create | Villager (Male) |
| 19:15 | Create | Villager (Male) |
| 19:16 | Build | Farm |
| 19:17 | Build | Farm |
| 19:38 | Build | Town Center |
| 19:47 | Create | Villager (Male) |
| 19:47 | Create | Villager (Male) |
| 19:48 | Create | Villager (Male) |
| 19:59 | Build | Farm |
| 20:08 | Build | Farm |
| 20:15 | Build | Farm |
| 20:17 | Build | Farm |
| 20:18 | Build | Farm |
| 20:21 | Build | Farm |
| 20:22 | Create | Villager (Male) |
| 20:22 | Create | Villager (Male) |
| 20:23 | Create | War Wagon |
| 20:23 | Create | War Wagon |
| 20:23 | Create | War Wagon |
| 20:35 | Create | Villager (Male) |
| 20:37 | Build | Farm |
| 20:39 | Create | Villager (Male) |
| 20:40 | Build | Farm |
| 20:44 | Create | Villager (Male) |
| 20:52 | Build | Farm |
| 21:03 | Create | Villager (Male) |
| 21:06 | Build | Farm |
| 21:06 | Create | Villager (Male) |
| 21:07 | Create | Villager (Male) |
| 21:31 | Create | Villager (Male) |
| 21:33 | Create | War Wagon |
| 21:37 | Create | War Wagon |
| 21:38 | Create | Villager (Male) |
| 21:38 | Create | Villager (Male) |
| 21:39 | Create | Villager (Male) |
| 21:39 | Create | Villager (Male) |
| 21:55 | Create | Villager (Male) |
| 21:55 | Create | Villager (Male) |
| 21:56 | Create | Villager (Male) |
| 22:03 | Create | War Wagon |
| 22:05 | Create | Villager (Male) |
| 22:05 | Create | Villager (Male) |
| 22:09 | Create | Villager (Male) |
| 22:26 | Create | Villager (Male) |
| 22:27 | Create | Villager (Male) |
| 22:27 | Create | Villager (Male) |
| 22:44 | Create | Villager (Male) |
| 22:45 | Create | Villager (Male) |
| 22:47 | Build | University |
| 22:50 | Research | Bow Saw |
| 22:52 | Create | War Wagon |
| 23:01 | Build | Farm |
| 23:04 | Build | Farm |
| 23:05 | Build | Farm |
| 23:10 | Build | Farm |
| 23:11 | Create | Villager (Male) |
| 23:11 | Create | Villager (Male) |
| 23:34 | Create | War Wagon |
| 23:34 | Create | War Wagon |
| 23:37 | Create | Villager (Male) |
| 23:37 | Create | Villager (Male) |
| 23:37 | Create | Villager (Male) |
| 23:44 | Create | War Wagon |
| 23:55 | Create | Villager (Male) |
| 23:59 | Build | House |
| 24:00 | Build | House |
| 24:06 | Build | Mining Camp |
| 24:15 | Create | Villager (Male) |
| 24:15 | Create | Villager (Male) |
| 24:19 | Research | Bodkin Arrow |
| 24:19 | Research | Bodkin Arrow |
| 24:20 | Research | Ballistics |
| 24:23 | Create | Villager (Male) |
| 24:23 | Create | Villager (Male) |
Build order — Extaz
First 150 of 214 actions detected
| 0:01 | Create | Villager (Male) |
| 0:01 | Create | Villager (Male) |
| 0:02 | Create | Villager (Male) |
| 0:05 | Build | House |
| 0:09 | Research | Loom |
| 0:10 | Create | Villager (Male) |
| 0:10 | Create | Villager (Male) |
| 0:11 | Create | Villager (Male) |
| 0:13 | Build | House |
| 1:32 | Create | Villager (Male) |
| 1:57 | Build | Lumber Camp |
| 2:03 | Create | Villager (Male) |
| 2:35 | Create | Villager (Male) |
| 2:35 | Create | Villager (Male) |
| 3:26 | Create | Villager (Male) |
| 3:32 | Create | Villager (Male) |
| 3:38 | Build | Mill |
| 4:05 | Build | House |
| 4:13 | Build | House |
| 4:16 | Create | Villager (Male) |
| 4:28 | Create | Villager (Male) |
| 5:11 | Create | Villager (Male) |
| 5:11 | Create | Villager (Male) |
| 5:34 | Create | Villager (Male) |
| 5:44 | Build | Mill |
| 6:00 | Create | Villager (Male) |
| 7:04 | Create | Villager (Male) |
| 7:21 | Create | Villager (Male) |
| 7:48 | Build | House |
| 7:58 | Create | Villager (Male) |
| 8:21 | Research | Feudal Age |
| 8:44 | Build | Mining Camp |
| 8:49 | Create | Villager (Male) |
| 9:03 | Create | Villager (Male) |
| 9:53 | Build | Barracks |
| 10:13 | Build | House |
| 10:33 | Age | Feudal Age |
| 11:07 | Create | Villager (Male) |
| 11:09 | Create | Villager (Male) |
| 11:37 | Build | Market |
| 12:24 | Create | Villager (Male) |
| 12:28 | Create | Villager (Male) |
| 12:40 | Build | Blacksmith |
| 13:29 | Research | Castle Age |
| 13:46 | Build | Archery Range |
| 13:56 | Create | Villager (Male) |
| 13:56 | Create | Villager (Male) |
| 14:11 | Build | Farm |
| 14:11 | Build | Farm |
| 14:25 | Build | Farm |
| 14:31 | Build | Farm |
| 14:46 | Build | Farm |
| 14:57 | Build | Farm |
| 15:14 | Research | Double-Bit Axe |
| 15:30 | Build | Watch Tower |
| 15:46 | Create | Archer |
| 15:46 | Create | Archer |
| 15:47 | Create | Archer |
| 15:48 | Create | Archer |
| 15:51 | Research | Fletching |
| 16:09 | Age | Castle Age |
| 16:36 | Research | Crossbowman (upgrade) |
| 16:40 | Create | Villager (Male) |
| 16:40 | Create | Villager (Male) |
| 17:19 | Build | House |
| 17:21 | Build | House |
| 17:22 | Build | House |
| 18:17 | Create | Villager (Male) |
| 18:23 | Build | House |
| 18:25 | Build | House |
| 18:26 | Build | House |
| 18:39 | Build | Lumber Camp |
| 18:54 | Build | Mining Camp |
| 18:58 | Research | Wheelbarrow |
| 18:59 | Create | Villager (Male) |
| 19:02 | Create | Archer |
| 19:02 | Create | Archer |
| 19:39 | Create | Archer |
| 19:40 | Create | Archer |
| 20:43 | Research | Hand Cart |
| 20:54 | Build | Farm |
| 20:55 | Build | Farm |
| 20:55 | Build | Farm |
| 20:56 | Build | Farm |
| 21:01 | Build | Farm |
| 21:04 | Create | Villager (Male) |
| 21:14 | Create | Villager (Male) |
| 21:42 | Create | Archer |
| 21:43 | Create | Archer |
| 21:43 | Create | Archer |
| 21:43 | Create | Archer |
| 21:58 | Build | Farm |
| 21:58 | Build | Farm |
| 21:58 | Build | Farm |
| 21:59 | Build | Farm |
| 22:55 | Create | Villager (Male) |
| 22:56 | Create | Villager (Male) |
| 22:57 | Create | Villager (Male) |
| 23:37 | Research | Thumb Ring |
| 23:40 | Research | Padded Archer Armor |
| 23:47 | Create | Archer |
| 23:48 | Create | Archer |
| 24:01 | Build | Archery Range |
| 24:06 | Build | Archery Range |
| 24:16 | Research | Bodkin Arrow |
| 24:20 | Create | Villager (Male) |
| 24:20 | Create | Villager (Male) |
| 24:40 | Create | Villager (Male) |
| 24:46 | Create | Archer |
| 24:46 | Create | Archer |
| 24:47 | Create | Archer |
| 24:47 | Create | Archer |
| 25:08 | Create | Archer |
| 25:08 | Create | Archer |
| 25:09 | Create | Archer |
| 25:23 | Build | Mining Camp |
| 27:35 | Create | Villager (Male) |
| 27:36 | Create | Villager (Male) |
| 27:36 | Create | Villager (Male) |
| 27:39 | Create | Archer |
| 27:39 | Create | Archer |
| 27:39 | Create | Archer |
| 27:40 | Create | Archer |
| 27:40 | Create | Archer |
| 27:41 | Create | Archer |
| 27:41 | Create | Archer |
| 27:41 | Create | Archer |
| 27:42 | Create | Archer |
| 27:42 | Create | Archer |
| 27:42 | Create | Archer |
| 28:07 | Create | Villager (Male) |
| 28:11 | Build | Lumber Camp |
| 28:16 | Research | Bow Saw |
| 28:35 | Build | Castle |
| 29:00 | Create | Archer ×5 |
| 29:00 | Create | Archer ×5 |
| 29:02 | Create | Villager (Male) |
| 29:02 | Create | Villager (Male) |
| 29:47 | Create | Villager (Male) |
| 29:48 | Create | Villager (Male) |
| 29:55 | Build | University |
| 30:03 | Build | Lumber Camp |
| 31:03 | Create | Archer ×5 |
| 31:03 | Create | Archer ×5 |
| 31:05 | Create | Villager (Male) |
| 31:05 | Create | Villager (Male) |
| 32:00 | Create | Archer ×4 |
| 32:02 | Create | Villager (Male) |
| 32:33 | Create | Villager (Male) |
| 32:33 | Create | Villager (Male) |
Build order — Extaz
First 150 of 502 actions detected
| 0:00 | Create | Villager (Male) |
| 0:01 | Create | Villager (Male) |
| 0:01 | Create | Villager (Male) |
| 0:01 | Create | Villager (Male) |
| 0:03 | Build | House |
| 0:05 | Build | House |
| 1:42 | Create | Villager (Male) |
| 2:05 | Create | Villager (Male) |
| 2:12 | Build | Settlement |
| 2:17 | Build | Settlement |
| 2:26 | Build | Settlement |
| 2:31 | Create | Villager (Male) |
| 2:54 | Create | Villager (Male) |
| 3:17 | Create | Villager (Male) |
| 3:50 | Create | Villager (Male) |
| 4:02 | Create | Villager (Male) |
| 4:31 | Create | Villager (Male) |
| 5:00 | Create | Villager (Male) |
| 5:00 | Create | Villager (Male) |
| 5:20 | Build | Settlement |
| 5:30 | Create | Villager (Male) |
| 5:45 | Create | Villager (Male) |
| 6:00 | Create | Villager (Male) |
| 6:32 | Create | Villager (Male) |
| 6:32 | Create | Villager (Male) |
| 7:29 | Create | Villager (Male) |
| 7:55 | Research | Loom |
| 8:04 | Build | Settlement |
| 8:17 | Research | Feudal Age |
| 8:56 | Create | Villager (Male) |
| 8:56 | Create | Villager (Male) |
| 9:57 | Build | Settlement |
| 10:55 | Age | Feudal Age |
| 10:57 | Build | Blacksmith |
| 11:14 | Build | Market |
| 11:51 | Build | House |
| 11:58 | Build | Palisade Wall |
| 12:12 | Research | Castle Age |
| 12:29 | Research | Double-Bit Axe |
| 13:00 | Create | Villager (Male) |
| 13:04 | Build | Farm |
| 13:09 | Build | Farm |
| 13:11 | Build | Farm |
| 13:23 | Create | Villager (Male) |
| 13:30 | Build | Farm |
| 13:32 | Build | Farm |
| 14:13 | Create | Villager (Male) |
| 14:14 | Create | Villager (Male) |
| 14:52 | Age | Castle Age |
| 15:00 | Build | Town Center |
| 15:01 | Create | Villager (Male) |
| 15:01 | Create | Villager (Male) |
| 15:02 | Create | Villager (Male) |
| 15:02 | Create | Villager (Male) |
| 15:43 | Research | Bow Saw |
| 15:43 | Research | Horse Collar |
| 15:51 | Create | Villager (Male) |
| 16:08 | Build | House |
| 16:12 | Build | House |
| 16:15 | Build | House |
| 16:19 | Create | Villager (Male) |
| 16:19 | Create | Villager (Male) |
| 16:20 | Create | Villager (Male) |
| 16:20 | Create | Villager (Male) |
| 16:23 | Create | Villager (Male) |
| 16:28 | Build | House |
| 16:40 | Build | House |
| 16:59 | Build | House |
| 17:01 | Build | House |
| 17:06 | Build | House |
| 17:09 | Create | Villager (Male) |
| 17:28 | Create | Villager (Male) |
| 17:35 | Create | Villager (Male) |
| 18:13 | Build | Settlement |
| 18:19 | Build | Settlement |
| 18:23 | Create | Villager (Male) |
| 18:28 | Build | Farm |
| 18:31 | Build | Farm |
| 18:33 | Build | Farm |
| 18:35 | Build | Farm |
| 18:37 | Build | Farm |
| 18:39 | Build | Farm |
| 18:41 | Build | Farm |
| 18:42 | Create | Villager (Male) |
| 18:58 | Build | Monastery |
| 19:01 | Create | Villager (Male) |
| 19:22 | Create | Villager (Male) |
| 19:26 | Create | Villager (Male) |
| 19:30 | Build | Farm |
| 19:33 | Build | Farm |
| 19:35 | Build | Farm |
| 19:37 | Build | Farm |
| 19:39 | Create | Villager (Male) |
| 19:50 | Create | Monk |
| 20:46 | Create | Villager (Male) |
| 20:46 | Create | Villager (Male) |
| 20:47 | Create | Villager (Male) |
| 20:47 | Create | Villager (Male) |
| 20:47 | Create | Villager (Male) |
| 20:47 | Create | Villager (Male) |
| 20:51 | Build | Farm |
| 20:55 | Build | Farm |
| 20:59 | Build | Farm |
| 21:01 | Build | Farm |
| 21:03 | Build | Farm |
| 21:04 | Create | Villager (Male) |
| 21:05 | Create | Villager (Male) |
| 21:05 | Create | Villager (Male) |
| 21:17 | Build | Town Center |
| 21:18 | Create | Villager (Male) |
| 21:24 | Create | Villager (Male) |
| 21:32 | Create | Villager (Male) |
| 21:45 | Build | Farm |
| 21:48 | Build | Farm |
| 21:49 | Create | Villager (Male) |
| 21:50 | Create | Villager (Male) |
| 21:53 | Build | Farm |
| 21:53 | Create | Villager (Male) |
| 22:02 | Create | Villager (Male) |
| 22:12 | Create | Villager (Male) |
| 22:15 | Create | Villager (Male) |
| 22:20 | Build | Farm |
| 22:20 | Create | Villager (Male) |
| 22:23 | Build | Farm |
| 22:30 | Create | Villager (Male) |
| 22:52 | Create | Villager (Male) |
| 22:52 | Create | Villager (Male) |
| 22:53 | Create | Villager (Male) |
| 22:53 | Create | Villager (Male) |
| 22:58 | Create | Villager (Male) |
| 23:03 | Build | Farm |
| 23:05 | Build | Farm |
| 23:07 | Create | Villager (Male) |
| 23:13 | Build | Farm |
| 23:14 | Create | Villager (Male) |
| 23:14 | Create | Villager (Male) |
| 23:36 | Create | Villager (Male) |
| 23:36 | Create | Villager (Male) |
| 23:37 | Create | Villager (Male) |
| 23:43 | Create | Villager (Male) |
| 23:46 | Create | Villager (Male) |
| 23:47 | Build | Farm |
| 23:50 | Build | Farm |
| 23:52 | Create | Villager (Male) |
| 24:05 | Create | Villager (Male) |
| 24:05 | Create | Villager (Male) |
| 24:08 | Create | Villager (Male) |
| 24:11 | Build | Farm |
| 24:14 | Build | Farm |
| 24:18 | Create | Villager (Male) |
Build order — Extaz
First 150 of 260 actions detected
| 0:03 | Build | House |
| 0:06 | Build | House |
| 0:11 | Create | Villager (Male) |
| 0:11 | Create | Villager (Male) |
| 0:11 | Create | Villager (Male) |
| 0:12 | Create | Villager (Male) |
| 2:04 | Create | Villager (Male) |
| 2:05 | Create | Villager (Male) |
| 2:27 | Create | Villager (Male) |
| 2:37 | Build | Lumber Camp |
| 3:16 | Create | Villager (Male) |
| 3:16 | Create | Villager (Male) |
| 3:17 | Create | Villager (Male) |
| 4:12 | Create | Villager (Male) |
| 4:12 | Create | Villager (Male) |
| 4:26 | Build | House |
| 4:34 | Create | Villager (Male) |
| 5:09 | Create | Villager (Male) |
| 5:29 | Build | Dock |
| 5:34 | Create | Villager (Male) |
| 6:03 | Build | Mill |
| 6:25 | Create | Fishing Ship |
| 6:33 | Create | Villager (Male) |
| 6:56 | Build | Mill |
| 7:21 | Build | House |
| 8:10 | Create | Villager (Male) |
| 8:11 | Create | Villager (Male) |
| 8:11 | Create | Villager (Male) |
| 8:13 | Create | Fishing Ship |
| 8:14 | Create | Fishing Ship |
| 8:32 | Create | Villager (Male) |
| 8:43 | Create | Fishing Ship |
| 9:11 | Build | House |
| 9:24 | Build | House |
| 9:33 | Build | Mining Camp |
| 10:09 | Create | Fishing Ship |
| 10:40 | Research | Loom |
| 10:50 | Create | Fishing Ship |
| 10:57 | Research | Feudal Age |
| 13:15 | Age | Feudal Age |
| 13:30 | Build | Town Center |
| 13:46 | Create | Villager (Male) |
| 13:47 | Create | Villager (Male) |
| 13:47 | Create | Villager (Male) |
| 14:21 | Build | Farm |
| 14:21 | Build | Farm |
| 14:22 | Build | Farm |
| 14:23 | Build | Farm |
| 14:24 | Build | Farm |
| 14:27 | Build | Farm |
| 14:56 | Build | House |
| 15:11 | Build | Farm |
| 15:14 | Create | Villager (Male) |
| 15:15 | Create | Villager (Male) |
| 15:15 | Create | Villager (Male) |
| 15:16 | Create | Villager (Male) |
| 15:20 | Build | House |
| 15:25 | Build | House |
| 16:16 | Create | Demolition Raft |
| 16:18 | Create | Demolition Raft |
| 18:20 | Build | Mining Camp |
| 18:24 | Build | Farm |
| 19:00 | Build | Farm |
| 19:03 | Build | Farm |
| 19:05 | Build | Farm |
| 19:21 | Create | Villager (Male) |
| 19:21 | Create | Villager (Male) |
| 19:22 | Create | Villager (Male) |
| 19:22 | Create | Villager (Male) |
| 19:39 | Create | Demolition Raft |
| 19:46 | Create | Villager (Male) |
| 19:50 | Research | Gold Mining |
| 19:57 | Create | Villager (Male) |
| 19:57 | Create | Villager (Male) |
| 19:57 | Create | Villager (Male) |
| 19:58 | Create | Villager (Male) |
| 20:00 | Create | Villager (Male) |
| 20:00 | Create | Villager (Male) |
| 20:16 | Build | Farm |
| 21:34 | Build | Blacksmith |
| 22:32 | Build | Barracks |
| 23:43 | Build | Stable |
| 23:51 | Build | Stable |
| 24:29 | Research | Horse Collar |
| 24:33 | Build | Lumber Camp |
| 24:40 | Research | Castle Age |
| 24:47 | Research | Forging |
| 24:48 | Research | Scale Barding Armor |
| 25:05 | Build | Farm |
| 25:09 | Create | Villager (Male) |
| 25:09 | Create | Villager (Male) |
| 25:09 | Create | Villager (Male) |
| 25:10 | Create | Villager (Male) |
| 25:15 | Build | Farm |
| 25:19 | Build | Farm |
| 25:25 | Build | Farm |
| 25:56 | Build | Stable |
| 26:59 | Research | Bloodlines |
| 27:02 | Build | Stable |
| 27:20 | Age | Castle Age |
| 27:28 | Create | Camel Scout |
| 27:28 | Create | Camel Scout |
| 27:28 | Create | Camel Scout |
| 27:29 | Create | Camel Scout |
| 27:45 | Create | Steppe Lancer |
| 27:45 | Create | Steppe Lancer |
| 27:45 | Create | Steppe Lancer |
| 27:45 | Create | Steppe Lancer |
| 27:46 | Create | Steppe Lancer |
| 27:46 | Create | Steppe Lancer |
| 27:47 | Create | Steppe Lancer |
| 27:54 | Build | Farm |
| 27:55 | Research | Heavy Plow |
| 27:57 | Create | Villager (Male) |
| 27:57 | Create | Villager (Male) |
| 27:58 | Create | Villager (Male) |
| 27:59 | Create | Villager (Male) |
| 27:59 | Create | Villager (Male) |
| 28:00 | Create | Villager (Male) |
| 28:00 | Create | Villager (Male) |
| 28:04 | Create | Steppe Lancer |
| 28:04 | Create | Steppe Lancer |
| 28:05 | Create | Steppe Lancer |
| 28:05 | Create | Steppe Lancer |
| 28:09 | Create | Steppe Lancer |
| 28:09 | Create | Steppe Lancer |
| 28:20 | Build | House |
| 28:23 | Build | House |
| 28:43 | Build | House |
| 28:46 | Build | House |
| 29:00 | Research | Iron Casting |
| 30:38 | Build | House |
| 30:39 | Build | House |
| 30:40 | Build | House |
| 30:44 | Create | Steppe Lancer |
| 30:44 | Create | Steppe Lancer |
| 30:45 | Create | Steppe Lancer |
| 30:45 | Create | Steppe Lancer |
| 30:46 | Create | Steppe Lancer |
| 30:46 | Create | Steppe Lancer |
| 30:46 | Create | Steppe Lancer |
| 30:47 | Create | Steppe Lancer |
| 31:15 | Create | Steppe Lancer |
| 31:15 | Create | Steppe Lancer |
| 31:15 | Create | Steppe Lancer |
| 31:15 | Create | Steppe Lancer |
| 31:23 | Create | Villager (Male) |
| 31:32 | Create | Villager (Male) |
| 31:44 | Create | Villager (Male) |
| 31:50 | Build | Farm |
Match timeline
| 5:29 | Extaz · first_building Dock |
| 9:53 | Extaz · first_building Barracks |
| 10:33 | Extaz · age_up feudal |
| 10:50 | MarshaL · age_up feudal |
| 10:55 | Extaz · age_up feudal |
| 11:58 | Extaz · wall_segment Palisade Wall x1 |
| 13:15 | Extaz · age_up feudal |
| 13:18 | Extaz · first_market_sell 100 wood |
| 13:20 | Extaz · first_market_buy 100 food |
| 13:46 | Extaz · first_building Archery Range |
| 14:20 | MarshaL · age_up castle |
| 14:52 | Extaz · age_up castle |
| 16:09 | Extaz · age_up castle |
| 17:07 | MarshaL · first_building Castle |
| 17:26 | MarshaL · wall_segment Palisade Wall x1 |
| 17:27 | MarshaL · wall_segment Palisade Wall x1 |
| 17:30 | MarshaL · wall_segment Palisade Wall x1 |
| 18:04 | MarshaL · wall_segment Palisade Wall x1 |
| 18:06 | MarshaL · wall_segment Palisade Wall x1 |
| 18:58 | Extaz · first_building Monastery |
| 20:47 | MarshaL · first_market_buy 100 food |
| 22:32 | Extaz · first_building Barracks |
| 23:43 | Extaz · first_building Stable |
| 26:20 | Extaz · first_building Siege Workshop |
| 27:20 | Extaz · age_up castle |
| 27:47 | Extaz · first_market_buy 100 wood |
| 28:13 | Extaz · first_building Castle |
| 28:16 | MarshaL · first_market_sell 100 food |
| 28:35 | Extaz · first_building Castle |
| 33:21 | Extaz · first_market_sell 500 wood |
| 35:36 | MarshaL · age_up imperial |
| 35:57 | Extaz · age_up imperial |
| 36:39 | Extaz · age_up imperial |
| 38:23 | Extaz · tribute_sent a jugador 1 |
| 38:23 | Extaz · tribute_sent a jugador 2 |
| 38:23 | Extaz · tribute_sent a jugador 3 |
| 39:57 | Extaz · first_building Archery Range |
| 40:47 | Extaz · first_building Monastery |
| 41:15 | Extaz · first_building Barracks |
| 41:49 | Extaz · first_building Archery Range |
| 45:21 | Extaz · resign |
| 45:40 | MarshaL · first_building Monastery |
| 48:08 | MarshaL · first_building Barracks |
| 48:39 | MarshaL · first_building Stable |
[ AI ANALYSIS · 1 CREDIT ]
What really happened in this match?
Wolo.gg analyzes every decision: build order, eco, micro, common mistakes by bracket. Personalized analysis on WhatsApp or Discord in 30 seconds.
Civ guide
Koreans
Map guide
MegaRandom
Perfil
Jugador #330263